AoeStats
← Dadao Wushi

Pilgrims

509301569Analyzed
4v4 RM · 5d ago on Sep 26, 2026· 22m 52s· 8 players
Game mode
Random Map
Map size
Large (8 player)
Population
200
Speed
Normal
Resources
Standard
Victory
Conquest
Starting age
Dark Age
Ending age
Imperial Age
RankedLock teamsTeams togetherTeam positionsShared explorationLock speedFull tech treeHidden civsTurbo modeCheats
Victory
Defeat
🇹🇼 Varangians · Taiwan
1288
+8
🇦🇿 Dravidians · Azerbaijan
1141
+14
🇭🇰 Danes · Hong Kong SAR China
1105
+15
🇭🇰 Byzantines · Hong Kong SAR China
1026
+19
🇯🇵 Turks · Japan
1141
-16
🇪🇸 Franks · Spain
1111
-15
🇦🇷 Vikings · Argentina
1098
-14
🇪🇸 Italians · Spain
1032
-11
CYJ8564
4:45 Loom
12:26 Feudal Age
13:42 Fishing Lines
16:25 Castle Age
14:26 Fletching
14:37 Padded Archer Armor
14:38 Double-Bit Axe
18:55 Gillnets
RomaSaga
3:46 Loom
11:53 Feudal Age
13:27 Double-Bit Axe
13:40 Fletching
16:10 Castle Age
16:31 Fishing Lines
16:51 Bodkin Arrow
17:08 Medium Warships
18:54 Padded Archer Armor
20:45 Gold Mining
21:27 Treadmill Crane
Bertinos
Marttexx
11:13 Feudal Age
12:13 Double-Bit Axe
16:34 Castle Age
14:33 Loom
17:22 Scale Barding Armor
18:08 Forging
21:39 Bow Saw
Dadao Wushi
12:41 Feudal Age
15:05 Fishing Lines
15:31 Horse Collar
18:33 Castle Age
19:30 Gillnets
21:09 Squires
21:58 Squires
22:19 Forging
22:09 Scale Mail Armor
I have Gun
6:20 Loom
13:00 Feudal Age
22:23 Scale Mail Armor
22:34 Forging
Futou Juhan
13:22 Feudal Age
14:19 Double-Bit Axe
15:44 Gold Mining
16:23 Forging
19:14 Loom
20:05 Wheelbarrow
22:15 Castle Age
23:20 Medium Warships
23:56 Iron Casting
23:22 Scale Mail Armor
waitmanshu
4:45 Loom
10:57 Feudal Age
11:50 Double-Bit Axe
16:41 Castle Age
17:13 Wheelbarrow
16:56 Bloodlines
17:34 Scale Barding Armor
18:02 Bow Saw
20:33 Forging
22:41 Chain Barding Armor
22:56 Iron Casting
23:02 Husbandry
Connection lost

Rejoining the realm…

Still unreachable

The connection could not be restored.

Session expired

The server has moved on; the page needs a fresh start.